 Dungeon Crawl Stone Soup version 0.29-a0-275-g389c0b56f3 (webtiles) character file.

Game seed: 9431439876112405321

23 Leszczynek the Chopper (level 3, 0/40 HPs)
             Began as a Human Gladiator on Mar 10, 2022.
             Slain by an orc
             ... wielding the +2 trident "Conservator" {chaos, rCorr}
              (4 damage)
             ... on level 3 of the Dungeon.
             The game lasted 00:04:04 (314 turns).

Leszczynek the Chopper (Human Gladiator)             Turns: 314, Time: 00:04:05

Health: 0/40       AC: 21    Str: 16    XL:     3   Next: 10%
Magic:  3/3        EV:  2    Int:  8    God:
Gold:   27         SH:  0    Dex: 14    Spells: 2/2 levels left

rFire   . . .      SeeInvis .   a - +0 war axe
rCold   . . .      Faith    .   (no shield)
rNeg    . . .      Spirit   .   (body armour currently unavailable)
rPois   +          Reflect  .   (helmet currently unavailable)
rElec   .          Harm     .   (cloak currently unavailable)
rCorr   .          Rampage  .   (gloves currently unavailable)
Will    .....      NoTele   +   (boots currently unavailable)
Stlth   +.........              (no amulet)
HPRegen 0.13/turn               (no ring)
MPRegen 0.08/turn               (no ring)

@: tree-form
A: stationary, stasis, torment immunity, boosted hp
a: no special abilities


You were on level 3 of the Dungeon.
You were a tree.
You visited 1 branch of the dungeon, and saw 3 of its levels.

You collected 27 gold pieces.

Inventory:

Hand Weapons
 a - a +0 war axe (weapon)
 b - a +0 hunting sling
Missiles
 d - 4 throwing nets (quivered)
 e - a javelin
Armour
 c - a +0 helmet (melded)
 g - a +0 leather armour (melded)
Scrolls
 f - a scroll of identify {unknown}
Potions
 i - a potion of ambrosia {unknown}


   Skills:
 - Level 2.0 Fighting
 + Level 4.0 Axes
 - Level 2.0 Throwing
 - Level 3.0 Dodging


You had 2 spell levels left.
You didn't know any spells.
Your spell library was empty.

Dungeon Overview and Level Annotations

Branches:
Dungeon (3/15)

Altars:


Message History

Your +0 helmet melds into your body.
Your +0 leather armour melds into your body.
Your roots penetrate the ground.
The orc hits you but does no damage.
You barely miss the orc.
The orc is severely wounded.
The orc hits you but does no damage. x2
You hit the orc but do no damage.
The orc is severely wounded.
The orc hits you but does no damage.
You slash the orc!
You kill the orc!
You hit the orc.
The orc is almost dead.
The orc hits you but does no damage. x2
You hit the orc but do no damage.
The orc is almost dead.
The orc barely misses you.
You hit the orc but do no damage.
The orc is almost dead.
The orc hits you with a +0 hand axe.
* * * LOW HITPOINT WARNING * * *
The orc shouts!
You hit the orc.
You kill the orc!
Your Axes skill increases to level 4!
You have reached level 3!
Your experience leads to an increase in your attributes!
Increase (S)trength, (I)ntelligence, or (D)exterity?
You feel stronger. x2
You hit the orc.
The orc is severely wounded.
The orc hits you but does no damage. The orc barely misses you.
You slash the orc!
You kill the orc!
An orc comes into view.
It is wielding the +2 trident "Conservator" {chaos, rCorr}.
You barely miss the orc.
The orc hits you with the +2 trident "Conservator" {chaos, rCorr}.
* * * LOW HITPOINT WARNING * * *
Space warps around you.
You die...

...#####.#.....
#..........#
########.### #.#
#.#####.
###########
#.......
#.........#
#.#####. ##o###.#
#)# #♣#.##.#
#.#####.
#.###.#.####.......
..# ##....[...####.
#.# #.#.##.....# #.
#.##.###...## # #.#
#.# ##.## ... ..#
#.# ### ### #.#
##'##


You could see an orc.

Vanquished Creatures
  6 orcs (D:3)
  A bat (D:1)
  A giant cockroach (D:3)
  A goblin (D:3)
  3 hobgoblins
  A kobold (D:3)
  2 rats (D:3)
15 creatures vanquished.

Notes
Turn   | Place    | Note
-------+----------+-------------------------------------------
     0 | D:1      | Leszczynek the Human Gladiator began the quest for the Orb.
     0 | D:1      | Reached XP level 1. HP: 16/16 MP: 1/1
   143 | D:3      | Reached XP level 2. HP: 14/22 MP: 2/2
   301 | D:3      | HP: 4/22 [orc/+0 hand axe (6)]
   309 | D:3      | HP: 4/33 [orc/+0 hand axe (4)]
   311 | D:3      | Reached skill level 4 in Axes
   311 | D:3      | Reached XP level 3. HP: 5/27 MP: 3/3
   313 | D:3      | Identified the +2 trident "Conservator" {chaos, rCorr}
   314 | D:3      | HP: 4/40 [orc/the +2 trident "Conservator" {chaos, rCorr}
                  | (2)]
   314 | D:3      | Slain by an orc

Illustrated notes

Levels and vault maps discovered:
D:1:      dpeg_arrival_refuge, layout_basic, shapermc_ecumenical_altar_ellora,
          minmay_misc_feat_encased
D:2:      layout_loops_ring, basic_altar, uniq_robin
D:3:      layout_loops_corners

Skill      XL: |  1  2 |
---------------+-------+-----
Axes           | 4 |  4.0
Fighting       | |  2.0
Throwing       | |  2.0
Dodging        | |  3.0

Action                   || total
-------------------------++-------
Melee: War axe           ||    46
 Fire: Hunting sling     ||    12
  Use: Potion            ||     1
Armor: Leather armour    ||     9
       Skin              ||     7
Dodge: Dodged            ||    28

Table legend: (Time is in decaauts)
 A = Elapsed time spent in this place.
 B = Non-inter-level travel time spent in this place.
 C = Inter-level travel time spent in this place.
 D = Time resting spent in this place.
 E = Time spent auto-exploring this place.
 F = Levels seen in this place.
 G = Mean time per level.
                   A        B        C        D        E       F      G
               +--------+--------+--------+--------+--------+-----+--------+
         Total |    328 |    328 |      0 |      7 |      0 |   3 |  109.3 |
       Dungeon |    328 |    328 |      0 |      7 |      0 |   3 |  109.3 |
               +--------+--------+--------+--------+--------+-----+--------+

Top non-repeatable levels by time:
     D:3: 212 daAuts
     D:2: 63 daAuts
     D:1: 52 daAuts
